 Dungeon Crawl Stone Soup version 0.31-a0-237-g2d982f9f85 (webtiles) character file.

Game seed: 13301192164996229425

82 qw the Shooter (level 4, -1/36 HPs)
             Began as a Minotaur Hexslinger on July 10, 2023.
             Slain by a gnoll
             ... wielding a +0 whip
              (3 damage)
             ... on level 3 of the Dungeon.
             The game lasted 00:00:40 (1789 turns).

qw the Shooter (Minotaur Hexslinger)                Turns: 1789, Time: 00:00:40

Health: -1/36      AC:  3    Str: 12    XL:     4   Next: 21%
Magic:  4/4        EV: 12    Int: 10    God:
Gold:   11         SH:  0    Dex: 15    Spells: 4/5 levels left

rFire   . . .        Y - +1 sling
rCold   . . .        (no shield)
rNeg    . . .        b - +0 leather armour
rPois   .            (helmet restricted)
rElec   .            (no cloak)
rCorr   .            (no gloves)
SInv    .            (no boots)
Will    .....        (no amulet)
Stlth   +            (no ring)
HPRegen 0.26/turn    (no ring)
MPRegen 0.09/turn

%: no passive effects
@: no status effects
A: horns 2, retaliatory headbutt
a: no special abilities


You were on level 3 of the Dungeon.
You visited 1 branch of the dungeon, and saw 3 of its levels.

You collected 83 gold pieces.
You spent 72 gold pieces at shops.


Innate Abilities, Weirdness & Mutations

You have a pair of horns on your head.
You reflexively headbutt those who attack you in melee.


   Skills:
 - Level 2.0 Fighting
 + Level 4.7 Ranged Weapons
 - Level 2.1 Dodging
 - Level 1.0 Spellcasting
 - Level 2.0 Hexes


You had 4 spell levels left.
You knew the following spells:

 Your Spells              Type           Power      Damage    Failure   Level
a - Slow                  Hex            16%        N/A       19%         1

Your spell library contained the following spells:

 Spells                   Type           Power      Damage    Failure   Level
 Inner Flame              Hex/Fire       2%         N/A       65%         3
 Portal Projectile        Hex/Tloc       4%         N/A       65%         3
 Cause Fear               Hex            2%         N/A       88%         4

Inventory:

Hand Weapons
 Y - a +1 sling (weapon)
Armour
 b - a +0 leather armour (worn)
 d - a +0 cloak
Scrolls
 c - a scroll of silence {unknown}
Potions
 a - 2 potions of attraction {unknown}

Dungeon Overview and Level Annotations

Branches:
Dungeon (3/15)

Altars:

Shops:
D:2 ?*[:[


Message History

The gnoll hits you with a +0 club. The quokka barely misses you.
You furiously retaliate!
You headbutt the quokka!
You kill the quokka!
The gnoll hits you with a +0 club.
You shoot a sling bullet.
The sling bullet barely misses the gnoll.
The gnoll hits you with a +0 club. The gnoll barely misses you.
The gnoll hits you from afar with a +0 spear.
You shoot a sling bullet. The sling bullet hits the gnoll.
The gnoll is moderately wounded.
The gnoll hits you with a +0 club. The gnoll hits you with a +0 whip.
The gnoll hits you from afar with a +0 spear.
You shoot a sling bullet. The sling bullet hits the gnoll.
The gnoll is severely wounded.
The gnoll hits you with a +0 club. The gnoll hits you with a +0 whip.
The gnoll hits you from afar with a +0 spear.
The kobold barely misses you.
1786 ||| DRINKING potion of heal wounds.
You feel much better. The gnoll barely misses you.
The gnoll hits you with a +0 club. The gnoll barely misses you.
The kobold hits you with a +0 whip.
You shoot a sling bullet. The sling bullet hits the gnoll.
The gnoll is almost dead.
The gnoll hits you with a +0 club. The gnoll completely misses you.
The gnoll closely misses you. The kobold hits you with a +0 whip.
The gnoll barely misses you. You furiously retaliate!
You headbutt the gnoll.
You kill the gnoll!
The kobold misses you.
The gnoll hits you from afar with a +0 spear.
The gnoll hits you with a +0 whip.
You shoot a sling bullet.
The sling bullet hits the gnoll but does no damage.
The kobold misses you. The gnoll hits you with a +0 whip.
The gnoll closely misses you. x2; You furiously retaliate!
You headbutt the gnoll. You shoot a sling bullet.
The sling bullet hits the gnoll but does no damage.
The gnoll is moderately wounded.
The gnoll hits you with a +0 whip.
You die...

.......#>....~~####
....###........~~#
...............~~~#
#...####.......#~##
#. ##......###
#......#
..####......#
......(.#####
...##..@# #
##Kggg.....
(.......#..
...........#
..........#...#
..##.......#..# .
.....#...###
#......#..#


You could see 3 gnolls and a kobold.

Vanquished Creatures
  A gnoll (D:3)
  An adder (D:2)
  3 worms
  2 dart slugs
  3 bats (D:1)
  7 endoplasms
  2 giant cockroaches
  5 goblins
  3 hobgoblins
  2 jackals (D:1)
  3 quokkas
  6 ball pythons
  3 frilled lizards
  2 kobolds
  5 rats
48 creatures vanquished.

Notes
Turn   | Place    | Note
-------+----------+-------------------------------------------
     0 | D:1      | qw the Minotaur Hexslinger began the quest for the Orb.
     0 | D:1      | Reached XP level 1. HP: 16/16 MP: 1/1
     0 | D:1      | 0 ||| qw: Version: 0.3-a-52-g30416fa
     0 | D:1      | 0 ||| qw: Game counter: 5221
     0 | D:1      | 0 ||| qw: Melee chars always use a shield: true
     0 | D:1      | 0 ||| qw: God list: Okawaru
     0 | D:1      | 0 ||| qw: Allow faded altars: false
     0 | D:1      | 0 ||| qw: Do Orc after clearing Dungeon:15 true
     0 | D:1      | 0 ||| qw: Do second Lair branch before Depths: true
     0 | D:1      | 0 ||| qw: Lair rune preference: random
     0 | D:1      | 0 ||| qw: Goals: Normal
     0 | D:1      | 0 ||| PLANNING D:1-11
    40 | D:1      | Reached skill level 3 in Ranged Weapons
    45 | D:1      | Reached XP level 2. HP: 9/23 MP: 2/2
   169 | D:1      | Found a faded altar of an unknown god.
   453 | D:1      | Reached XP level 3. HP: 27/29 MP: 3/3
   513 | D:1      | 513 ||| READING scroll labelled MAZOEKEGIMI.
   518 | D:1      | 518 ||| READING scroll labelled BOIRGHA WUB PIS.
   519 | D:1      | 519 ||| READING scroll labelled VEHEBL KUZXIXI.
   520 | D:1      | 520 ||| DRINKING 2 brown potions.
   521 | D:1      | 521 ||| DROPPING scroll of poison.
   543 | D:2      | Found Ysaggeink's Magic Scroll Shop.
   546 | D:2      | Found Irytwu's Armour Shoppe.
   561 | D:2      | 561 ||| SHOPLISTING +0 leather armour (28 gold, have 16).
   561 | D:2      | 561 ||| SHOPLISTING +0 ring mail (56 gold, have 16).
   658 | D:2      | 658 ||| SHOPLISTING scroll of enchant armour (75 gold, have
                  | 16).
   658 | D:2      | 658 ||| SHOPLISTING scroll of identify (20 gold, have 16).
   658 | D:2      | 658 ||| SHOPLISTING scroll of teleportation (30 gold, have
                  | 16).
   696 | D:2      | Found Estoyxtu's Book Emporium.
   711 | D:2      | Reached skill level 4 in Ranged Weapons
   930 | D:2      | Found Waagg's Antique Armour Boutique.
   950 | D:2      | 950 ||| BUYING leather armour (56 gold).
   950 | D:2      | Bought a leather armour for 56 gold pieces
   950 | D:2      | 950 ||| SHOPLISTING ring mail (112 gold, have 11).
   950 | D:2      | 950 ||| SHOPLISTING runed robe (103 gold, have 11).
  1283 | D:2      | Found Kypakiwi's Assorted Antiques.
  1286 | D:2      | 1286 ||| BUYING bubbling yellow potion (16 gold).
  1286 | D:2      | Bought a bubbling yellow potion for 16 gold pieces
  1286 | D:2      | 1286 ||| SHOPLISTING large pearl amulet (90 gold, have 1).
  1286 | D:2      | 1286 ||| SHOPLISTING ring mail (72 gold, have 1).
  1286 | D:2      | 1286 ||| SHOPLISTING scroll labelled OTIUMA ENGIU (18 gold,
                  | have 1).
  1405 | D:2      | 1405 ||| UPGRADING to +0 leather armour.
  1415 | D:2      | 1415 ||| DROPPING +0 robe.
  1416 | D:2      | 1416 ||| READING scroll labelled OTIUMA ENGIU.
  1417 | D:2      | 1417 ||| DRINKING 2 bubbling yellow potions.
  1463 | D:2      | 1463 ||| DROPPING potion of lignification.
  1502 | D:3      | 1502 ||| STAIRDANCE
  1748 | D:3      | Reached XP level 4. HP: 36/36 MP: 4/4
  1785 | D:3      | HP: 8/36 [gnoll/+0 spear (2)]
  1786 | D:3      | 1786 ||| DRINKING potion of heal wounds.
  1788 | D:3      | HP: 2/36 [gnoll/+0 whip (4)]
  1789 | D:3      | Slain by a gnoll

Levels and vault maps discovered:
D:1:      ncdulo_halloftheorcs, layout_rooms,
          shapermc_ecumenical_altar_flowoftime, minmay_pentomino_x2
D:2:      layout_loops_corners, serial_shops, shop_fountains,
          nicolae_shop_window_shopping,
          nicolae_shop_temple_entry_statues_fountains,
          nicolae_shop_tiny_waterfront, nicolae_shop_tiny_real_fake_doors,
          hangedman_decor_push, minmay_misc_feat_iff
D:3:      layout_rooms, mainiacjoe_overflow_two_lobes, serial_rivers,
          chequers_serial_rivers_small_a, chequers_serial_rivers_micro_d,
          chequers_serial_rivers_large_b, chequers_serial_rivers_small_a,
          chequers_serial_rivers_micro_e, minmay_splitting_lines,
          grunt_ministairs_9, minmay_fractal_squares_gapless_5

Skill      XL: |  1  2  3 |
---------------+----------+-----
Ranged Weapons | 3 4 |  4.7
Fighting       | 2 |  2.0
Dodging        | |  2.1
Spellcasting   | |  1.0
Hexes          | |  2.0

Action                     |  1- 3 |  4- 6 || total
---------------------------+-------+-------++-------
   Fire: Sling             |   126 |    16 ||   142
    Use: Scroll            |     4 |       ||     4
         Potion            |     2 |     1 ||     3
 Armour: Robe              |     3 |       ||     3
         Skin              |     2 |       ||     2
         Leather armour    |       |     1 ||     1
  Dodge: Dodged            |    32 |    14 ||    46

Table legend:
 A = Non-vault XP
 B = Vault XP
 C = Vault XP percentage of total XP
 D = Non-vault monster count
 E = Vault monster count
 F = Vault count percentage of total count
                 A         B        C        D         E       F
            +---------+---------+-------+---------+---------+-------
      Total |     114 |       4 |   3.4 |      45 |       3 |   6.2
            +---------+---------+-------+---------+---------+-------
        D:1 |      41 |       1 |   2.4 |      23 |       1 |   4.2
        D:2 |      49 |       0 |   0.0 |      17 |       0 |   0.0
        D:3 |      24 |       3 |  11.1 |       5 |       2 |  28.6
            +---------+---------+-------+---------+---------+-------
